 Dungeon Crawl Stone Soup version 0.28-a0-895-g6e5f11bd55 (webtiles) character file.

Game seed: 580607019711767894

10234 horus123 the Jinx (level 11, -3/60 HPs)
             Began as a Deep Elf Conjurer on Nov 23, 2021.
             Was a Believer of Ashenzari.
             Slain by a death yak (22 damage)
             ... on level 11 of the Dungeon.
             The game lasted 00:37:28 (11981 turns).

horus123 the Jinx (Deep Elf Conjurer)              Turns: 11981, Time: 00:37:28

Health: -3/60      AC: 10    Str:  4    XL:     11   Next: 33%
Magic:  13/27      EV: 17    Int: 30    God:    Ashenzari [**....]
Gold:   491        SH:  8    Dex: 19    Spells: 1/31 levels left

rFire   + . .      SeeInvis +   w - staff of conjuration
rCold   . . .      Faith    .   n - +2 buckler of the Eternal Cynicism {*Slow Dex+6, Melee, Elem} (curse)
rNeg    . . .      Spirit   .   s - +2 robe {Will+}
rPois   .          Reflect  .   g - +2 hat "Share My Fortune-Teller" {Self, Fort} (curse)
rElec   .          Harm     .   r - +2 cloak of Ashenzari's Repose {rCorr, Fort, Elem} (curse)
rCorr   +          Rampage  .   (no gloves)
Will    +++..                   m - +0 pair of boots "Per Aspera Ad Scientiam" {Melee, Fort} (curse)
Stlth   ++........              i - amulet of regeneration
HPRegen 1.20/turn               d - +4 ring of evasion
MPRegen 0.20/turn               t - ring of Zenaasir {rF+ Will+ Int+3 Slay+3}

@: no status effects
A: no striking features
a: Renounce Religion, Shatter the Chains


You were on level 11 of the Dungeon.
You worshipped Ashenzari.
Ashenzari was pleased with you.
You visited 3 branches of the dungeon, and saw 13 of its levels.

You collected 715 gold pieces.
You spent 224 gold pieces at shops.

Inventory:

Hand Weapons
 f - a +4 dagger
 q - a +2 long sword of holy wrath
Armour
 a - a +0 robe
 g - the cursed +2 hat "Share My Fortune-Teller" (worn) {Self, Fort}
   (You found it on level 2 of the Dungeon)

   It has a curse which improves the following skills: Introspection: Fighting
   and Spellcasting.
   Fortitude: Armour and Shields.
 m - the cursed +0 pair of boots "Per Aspera Ad Scientiam" (worn) {Melee, Fort}
   (You found it on level 5 of the Dungeon)

   It has a curse which improves the following skills: Melee Combat: Short
   Blades, Long Blades, Axes, Maces & Flails, Polearms, Staves and Unarmed
   Combat.
   Fortitude: Armour and Shields.
 n - the cursed +2 buckler of the Eternal Cynicism (worn) {*Slow Dex+6, Melee, Elem}
   (You found it on level 5 of the Dungeon)

   Dex:       It affects your dexterity (+6).
   *Slow:     It may slow you when you take damage.
   It has a curse which improves the following skills: Melee Combat: Short
   Blades, Long Blades, Axes, Maces & Flails, Polearms, Staves and Unarmed
   Combat.
   Elements:  Fire Magic, Ice Magic, Air Magic and Earth Magic.
 r - the cursed +2 cloak of Ashenzari's Repose (worn) {rCorr, Fort, Elem}
   (You bought it in a shop on level 6 of the Dungeon)

   It has a curse which improves the following skills: Fortitude: Armour and
   Shields.
   Elements:  Fire Magic, Ice Magic, Air Magic and Earth Magic.
 s - a +2 robe of willpower (worn)
 B - a +1 troll leather armour
Magical Staves
 w - a staff of conjuration (weapon)
Jewellery
 d - a +4 ring of evasion (left hand)
 i - an amulet of regeneration (around neck)
 t - the ring of Zenaasir (right hand) {rF+ Will+ Int+3 Slay+3}
   (You found it on level 6 of the Dungeon)

   [ring of protection from fire]

   Int:       It affects your intelligence (+3).
   Slay:      It affects your accuracy & damage with ranged weapons and melee
   (+3).
   rF:        It protects you from fire.
   Will:      It increases your willpower.
 u - a ring of fire
 A - a +4 ring of evasion
Wands
 b - a wand of iceblast (15)
 o - a wand of flame (27)
 y - a wand of polymorph (7)
Scrolls
 z - a scroll of fear
Potions
 e - 2 potions of degeneration
 j - 2 potions of curing
 k - 2 potions of flight
 l - 2 potions of mutation
 p - 2 potions of might
 v - a potion of ambrosia
 x - 3 potions of heal wounds
Miscellaneous
 C - a phial of floods


   Skills:
 - Level 2.0(3.1) Fighting
 - Level 4.2(6.4) Long Blades
 - Level 0.7(2.2) Armour
 - Level 2.5 Dodging
 - Level 2.7 Stealth
 - Level 4.5(7.4) Shields
 - Level 9.1(10.5) Spellcasting
 - Level 8.2 Conjurations
 + Level 9.4 Hexes
 - Level 9.0 Transmutations
 - Level 8.0 Poison Magic


You had one spell level left.
You knew the following spells:

 Your Spells              Type           Power      Damage    Failure   Level
a - Magic Dart            Conj           100%       1d8       1%          1
b - Searing Ray           Conj           100%       2d8       1%          2
c - Dazzling Flash        Conj/Hex       100%       N/A       1%          3
d - Slow                  Hex            100%       N/A       1%          1
e - Fulminant Prism       Conj/Hex       40%        3d20      1%          4
f - Yara's Violent Unrav  Hex/Tmut       31%        3d13      1%          5
g - Vampiric Draining     Necr           15%        2d7       10%         3
h - Passwall              Tmut/Erth      35%        N/A       1%          2
i - Olgreb's Toxic Radia  Pois           59%        N/A       1%          4
j - Lightning Bolt        Conj/Air       29%        1d45      16%         5

Your spell library contained the following spells:

 Spells                   Type           Power      Damage    Failure   Level
 Sting                    Tmut/Pois      100%       1d8       1%          1
 Poisonous Vapours        Pois/Air       80%        N/A       1%          2
 Static Discharge         Conj/Air       58%        N/A       1%          2
 Wereblood                Tmut           63%        N/A       1%          2
 Confusing Touch          Hex            64%        N/A       1%          3
 Cause Fear               Hex            32%        N/A       1%          4
 Sublimation of Blood     Necr           15%        N/A       4%          2
 Iskenderun's Mystic Bla  Conj/Tloc      57%        2d12      6%          4
 Swiftness                Air            17%        N/A       9%          3
 Dragon Form              Tmut           31%        N/A       56%         7
 Summon Hydra             Summ           7%         N/A       100%        7
 Maxwell's Capacitive Co  Air            8%         ∞         100%        8
 Dragon's Call            Summ           7%         N/A       100%        9


Dungeon Overview and Level Annotations

Branches:
Dungeon (11/15)            Temple (1/1) D:5             Orc (1/2) D:11
   Lair: D:8-11

Altars:
Ashenzari
Dithmenos
Elyvilon
Fedhas
Gozag
Hepliaklqana
Makhleb
Okawaru
Qazlal
Ru
Sif Muna
Trog
Uskayaw
Vehumet
Wu Jian
Xom
Yredelemnul
The Shining One

Shops:
D:3 =   D:6 [   D:8 !   D:9 :


Message History

The death yak is almost dead.
The searing ray hits the death yak!
The death yak is moderately wounded.
The searing ray hits the death yak but does no damage.
The death yak is lightly wounded. (Press . to maintain the ray.)
The death yak looks even sicker. x2
The death yak looks as sick as possible!
The death yak looks even sicker.
Your toxic aura wanes.
You block the death yak's attack.
The searing ray hits the death yak!
You kill the death yak!
The searing ray hits the death yak but does no damage.
The death yak is moderately wounded.
The searing ray misses the death yak.
Your Hexes skill increases to level 8!
The searing ray hits the death yak!
The death yak is heavily wounded.
The searing ray hits the death yak.
The death yak is lightly wounded.
The searing ray hits the death yak!
You kill the death yak!
The death yak gores you but does no damage.
Your Hexes skill increases to level 9!
Magic courses through your body. You block the death yak's attack.
Casting: Searing Ray (safe; 1% risk of failure)
Confirm with . or Enter, or press ? or * to list all spells.
Aiming: Searing Ray (safe; 1% risk of failure)
Press: ? - help, Shift-Dir - straight line, f - death yak
Aim: a death yak (heavily wounded, very poisoned, 94% to hit)
You feel a surge of power!
The searing ray hits the death yak.
The death yak is heavily wounded.
The searing ray hits the death yak.
The death yak is moderately wounded.
The searing ray hits the death yak!
The death yak is lightly wounded. (Press . to maintain the ray.)
The death yak gores you!!
You die...

* ...# , , ##.,...## .#
, .. #... , #.* ,
..#..,, * ###. #.#.#, ,
** ### **#.#†# ,, ,, ..#
* * #.#.# *#.#* ,,
###.#)# , * #.#
..#.#.###### #@#
....#)..#..# #Y# , *
....#)..#..#####Y#######
##...<.##.......Y#W.....
,
##.....##.......).......
#......##...>.#.#.#..##.
,
#......##..........o....
, ,
#.............#.#.#..#..
...............[....Y...
,


You could see 3 death yaks.

Vanquished Creatures
  Harold (Orc:1)
  A two-headed ogre (D:11)
  2 death yaks (D:11)
  4 centaur zombies
  A kobold demonologist (D:9)
  A troll (D:11)
  A meliai zombie (D:10)
  A vampire (D:11)
  11 yaks
  3 shadows
  4 vampire mosquitoes (D:10)
  A basilisk (D:11)
  2 acid dragons
  A water moccasin (D:7)
  2 orc warriors
  A sky beast (D:7)
  2 ice beasts (D:5)
  4 ogres
  3 centaurs
  A phantom (D:5)
  A kobold brigand (D:9)
  A bullfrog (D:6)
  4 scorpions
  7 killer bees (D:8)
  7 wights
  A howler monkey (D:4)
  2 jellies
  7 orc priests
  2 hounds
  3 iguanas
  3 iron imps (D:9)
  A bullfrog skeleton (D:5)
  19 orc wizards
  A killer bee zombie (D:8)
  3 howler monkey zombies
  5 adders
  A howler monkey skeleton (D:5)
  2 white imps
  An adder skeleton (D:4)
  3 dart slugs
  51 orcs
  4 ball pythons
  7 bats
  12 endoplasms
  5 giant cockroaches
  6 goblins
  7 hobgoblins
  4 jackals (D:5)
  15 kobolds
  5 quokkas
  5 frilled lizards
  7 rats
249 creatures vanquished.

Vanquished Creatures (others)
  4 fulminant prisms
4 creatures vanquished.

Grand Total: 253 creatures vanquished

Notes
Turn   | Place    | Note
-------+----------+-------------------------------------------
     0 | D:1      | horus123 the Deep Elf Conjurer began the quest for the Orb.
     0 | D:1      | Reached XP level 1. HP: 10/10 MP: 6/6
   197 | D:1      | Reached XP level 2. HP: 15/15 MP: 5/8
   377 | D:1      | Reached skill level 5 in Conjurations
   383 | D:1      | Learned a level 2 spell: Searing Ray
   806 | D:1      | Reached XP level 3. HP: 19/19 MP: 3/10
   810 | D:1      | Learned a level 3 spell: Dazzling Flash
  1001 | D:1      | Found a faded altar of an unknown god.
  1290 | D:2      | Learned a level 1 spell: Slow
  2071 | D:3      | Reached XP level 4. HP: 24/24 MP: 9/12
  2328 | D:3      | Reached skill level 5 in Spellcasting
  2344 | D:3      | Reached skill level 1 in Hexes
  2594 | D:3      | Learned a level 4 spell: Fulminant Prism
  2606 | D:3      | Found a broken altar of Ashenzari.
  2659 | D:3      | Became a worshipper of Ashenzari the Shackled
  2779 | D:3      | Reached XP level 5. HP: 28/28 MP: 10/14
  2784 | D:3      | Learned a level 3 spell: Confusing Touch
  3036 | D:3      | Found Wewysuc's Jewellery Shoppe.
  3330 | D:4      | Reached skill level 5 in Hexes
  3460 | D:4      | Found a basalt altar of Yredelemnul.
  3466 | D:4      | Reached XP level 6. HP: 32/32 MP: 9/15
  3809 | D:4      | Found a sacrificial altar of Ru.
  4045 | D:4      | Found an iron altar of Okawaru.
  4280 | D:5      | Entered Level 5 of the Dungeon
  4288 | D:5      | Found a staircase to the Ecumenical Temple.
  4305 | Temple   | Entered the Ecumenical Temple
  4414 | D:5      | Found a white marble altar of Elyvilon.
  4418 | D:5      | Reached XP level 7. HP: 6/36 MP: 11/16
  5227 | D:5      | Identified the +2 buckler of Teys {*Slow Dex+6}
  5268 | D:5      | Reached XP level 8. HP: 41/41 MP: 1/20
  5382 | D:5      | Learned a level 3 spell: Vampiric Draining
  5385 | D:5      | Learned a level 2 spell: Passwall
  5802 | D:5      | Reached skill level 1 in Shields
  5858 | D:5      | Reached * piety under Ashenzari
  5997 | D:6      | Found Soutt's Antique Armour Emporium.
  6004 | D:6      | Bought an embroidered cloak for 150 gold pieces
  6004 | D:6      | Bought an embroidered robe for 74 gold pieces
  6119 | D:6      | Identified the ring of Zenaasir {rF+ Will+ Int+3 Slay+3}
  6332 | D:6      | Reached skill level 1 in Long Blades
  6691 | D:6      | Reached XP level 9. HP: 45/45 MP: 12/21
  7081 | D:7      | Found a stormy altar of Qazlal.
  7208 | D:7      | Found an opulent altar of Gozag.
  7307 | D:7      | Reached skill level 1 in Fighting
  7712 | D:7      | Identified a scroll of acquirement
  7799 | D:7      | Found a shimmering altar of Xom.
  7800 | D:7      | Acquired a Young Poisoner's Handbook
  7807 | D:7      | Learned a level 4 spell: Olgreb's Toxic Radiance
  7813 | D:7      | Found an ornate altar of the Wu Jian Council.
  8037 | D:8      | Reached skill level 1 in Poison Magic
  8099 | D:8      | Found Pulep's Distillery.
  8336 | D:8      | Reached skill level 5 in Poison Magic
  8604 | D:8      | Reached XP level 10. HP: 50/53 MP: 0/23
  9109 | D:9      | Acquired a staff of conjuration
  9161 | D:9      | Found Pierch's Book Shoppe.
  9186 | D:9      | Identified the +0 scale mail "Tergh" {-Cast Will+ Dex+2}
  9223 | D:9      | Found a glowing golden altar of the Shining One.
  9434 | D:9      | Noticed a rust devil
  9436 | D:9      | Noticed a rust devil
  9706 | D:9      | Identified the +6 hand axe "Fapaull" {flame, Dex+4}
  9711 | D:9      | Found a radiant altar of Vehumet.
  9821 | D:9      | Found a burning altar of Makhleb.
  9854 | D:9      | Learned a level 5 spell: Yara's Violent Unravelling
 10220 | D:10     | Entered Level 10 of the Dungeon
 10268 | D:10     | Reached skill level 1 in Transmutations
 10326 | D:10     | Reached ** piety under Ashenzari
 10359 | D:10     | Found a bloodstained altar of Trog.
 10366 | D:10     | Learned a level 5 spell: Lightning Bolt
 10415 | D:10     | Reached skill level 5 in Transmutations
 11513 | D:11     | Noticed a two-headed ogre
 11524 | D:11     | Killed a two-headed ogre
 11525 | D:11     | Reached XP level 11. HP: 43/60 MP: 16/27
 11692 | D:11     | Found a staircase to the Orcish Mines.
 11719 | Orc:1    | Entered Level 1 of the Orcish Mines
 11719 | Orc:1    | Noticed Harold
 11728 | Orc:1    | HP: 3/60 [Harold (11)]
 11736 | Orc:1    | Killed Harold
 11955 | D:11     | Noticed a death yak
 11955 | D:11     | Noticed a death yak
 11964 | D:11     | Noticed a death yak
 11965 | D:11     | Noticed a death yak
 11972 | D:11     | Noticed a death yak
 11978 | D:11     | Killed a death yak
 11979 | D:11     | Killed a death yak
 11981 | D:11     | Slain by a death yak

Illustrated notes

Levels and vault maps discovered:
D:1:      wheals_arrival_shading, layout_basic, ebering_ecumenical_altar_box,
          minmay_misc_feat_chi
D:2:      layout_basic
D:3:      layout_loops_ring, ashenzari_conservatory_becter, serial_shops,
          nicolae_shop_hallway_plus, st_stairs_9
D:4:      layout_layer_cave, mainiacjoe_overflow_brackets,
          nicolae_ru_awakened_eye, yredelemnul_altar_generic
D:5:      layout_basic, lemuel_tele_altar, minmay_temple_entry_stoned_glass
D:6:      layout_basic, serial_shops, nicolae_stop_n_shop_2
D:7:      layout_cave_pools, mainiacjoe_overflow_alcove_2,
          nicolae_qazlal_scattered_showers, mainiacjoe_overflow_big_doors,
          nicolae_elevator_lobby_asterisk
D:8:      layout_loops_ring, st_stairs_5, nicolae_stop_n_shop_1
D:9:      layout_roguey, nicolae_vehumet_radiance, tso_metal_star, demons_altar,
          serial_shops, nicolae_take_the_stairs, kennysheep_generic_room_15
D:10:     layout_rooms, mainiacjoe_overflow_alcove_4, minmay_misc_feat_room
D:11:     layout_gridville, dpeg_lair_monsters, hiddenorc1_lemuel,
          serial_co_window_serial, co_window_of_opportunity_a,
          co_window_paths_a, co_window_paths_b, co_window_of_opportunity_a,
          co_window_paths_b, co_window_paths_a, co_window_corner_a,
          co_window_broadway_b, co_window_2corner, co_window_corner_b,
          co_window_corner_ca, co_window_unsneaky_path_a, co_window_paths_d,
          glass_columns_b, glass_columns_a, glass_columns_b
Temple:   compressed_dpeg_triangle_lava_temple
Orc:1:    layout_caves, portal_ice_cave_demonic_guard, enter_volcano_4,
          uniq_harold

Skill      XL: |  1  2  3  4  5  6  7  8  9 10 11 |
---------------+----------------------------------+-----
Conjurations   | 5 7 8 |  8.2
Spellcasting   | 4 5 7 9 |  9.1
Hexes          | 3 5 6 7 9 |  9.4
Shields        | 4 |  4.5
Long Blades    | 3 4 |  4.2
Fighting       | 2 |  2.0
Poison Magic   | 7 8 |  8.0
Transmutations | 8 9 |  9.0
Armour         | |  0.7
Dodging        | |  2.5
Stealth        | |  2.7

Action                   |  1- 3 |  4- 6 |  7- 9 | 10-12 || total
-------------------------+-------+-------+-------+-------++-------
Melee: Dagger            |       |     2 |     2 |       ||     4
       Long sword        |       |       |    21 |       ||    21
 Cast: Magic Dart        |    93 |    79 |   169 |    51 ||   392
       Searing Ray       |       |     9 |    41 |    60 ||   110
       Fulminant Prism   |       |     1 |       |     3 ||     4
       Olgreb's Toxic Ra |       |       |       |     4 ||     4
       Slow              |       |       |       |     3 ||     3
       Yara's Violent Un |       |       |       |     1 ||     1
Invok: Curse Item        |       |       |     2 |     2 ||     4
  Use: Scroll            |     4 |     4 |     2 |     4 ||    14
       Potion            |       |     3 |       |     3 ||     6
Armor: Robe              |       |     3 |    44 |    30 ||    77
Dodge: Dodged            |     1 |    21 |    82 |    69 ||   173
Block: Buckler           |       |       |    41 |    42 ||    83

Table legend: (Time is in decaauts)
 A = Elapsed time spent in this place.
 B = Non-inter-level travel time spent in this place.
 C = Inter-level travel time spent in this place.
 D = Time resting spent in this place.
 E = Time spent auto-exploring this place.
 F = Levels seen in this place.
 G = Mean time per level.
                   A        B        C        D        E       F      G
               +--------+--------+--------+--------+--------+-----+--------+
         Total |  11986 |  11753 |    233 |    916 |   9086 |  13 |  922.0 |
       Dungeon |  11880 |  11647 |    233 |    869 |   9086 |  11 | 1080.0 |
        Temple |     84 |     84 |      0 |     47 |      0 |   1 |   84.0 |
  Orcish Mines |     21 |     21 |      0 |      0 |      0 |   1 |   21.0 |
               +--------+--------+--------+--------+--------+-----+--------+

Top non-repeatable levels by time:
     D:5: 1632 daAuts
     D:8: 1212 daAuts
     D:4: 1174 daAuts
     D:9: 1137 daAuts
     D:3: 1087 daAuts
     D:6: 1053 daAuts
     D:1: 1030 daAuts
    D:11: 1015 daAuts
     D:2: 986 daAuts
     D:7: 825 daAuts
    D:10: 723 daAuts
  Temple: 84 daAuts
   Orc:1: 21 daAuts
